[Event "Late-Titled-Tuesday-Blitz-March-05-2024"]
[Site "Chess.com"]
[Date "2024.03.05"]
[Round "7"]
[White "kagg1125"]
[Black "BabageldiAnnaberdiyev"]
[Result "1-0"]
[WhiteElo "2540"]
[BlackElo "2623"]
[TimeControl "180+1"]
[EndTime "15:15:52 PST"]
[Termination "kagg1125 won by checkmate"]

1. e4 e6 2. d4 d5 3. Nd2 Nf6 4.
e5 Nfd7 5. Bd3 c5 6. c3 Nc6 7. Ne2 cxd4 8. cxd4 Qb6 9. Nf3 f6 10. exf6 Nxf6 11. O-O Bd6 12. Bf4 Bxf4 13. Nxf4 O-O 14.
Re1 g6 15. Nxe6 Bxe6 16. Rxe6 Rae8 17. Rxe8 Rxe8 18. Qb3 Nxd4 19. Nxd4 Qxd4 20. Qc3 Qxc3 21. bxc3 Rc8 22. Rc1 Kf7 23. f3 Ke7 24. Kf2 Kd6 25. Ke3 Nd7 26. Kd2 Nc5 27. Rb1 b6 28. Rb4 Ne6 29.
Rh4 Rc7 30. Rh6 Ke5 31. Rh4 a5 32. Rg4 Rb7 33. h4 b5 34. a3 Kf6 35. a4 bxa4 36. Rxa4 Ra7 37. Bc2 Ke5 38. g3 Nc5 39. f4+ Kd6 40. Rd4 Ne6 41. Ra4 Kc5 42. h5 gxh5 43.
f5 Ng5 44. f6 Nf3+ 45. Ke3 Ne5 46. Kf4 Nc4 47. Kg5 Kd6 48. Kxh5 Ke6 49. Bb3 Nb6 50. Rf4 Kf7 51. Kh6 a4 52. Ba2 a3 53.
Kxh7 Nc4 54. g4 Rb7 55. g5 Rb2 56.
g6+ Ke6 57. f7 Rxa2 58. f8=Q Rh2+ 59. Kg7 a2 60. Qf7+ Kd6 61. Rf6+ Kc5 62. Qc7+ Kb5 63. Qb8+ Kc5 64. Qa7+ Kb5 65. Qa6+ Kc5 66. Qc6# 1-0

[Event "Late-Titled-Tuesday-Blitz-March-05-2024"]
[Site "Chess.com"]
[Date "2024.03.05"]
[Round "7"]
[White "ventdelest"]
[Black "rikchessmx"]
[Result "0-1"]
[WhiteElo "2076"]
[BlackElo "2298"]
[TimeControl "180+1"]
[EndTime "15:15:52 PST"]
[Termination "rikchessmx won on time"]

1. e4 e5 2. Nf3 Nc6 3. Bc4 Bc5 4. d3 d6 5. c3 Qf6 6. Nbd2 Nge7 7. Nf1 Ng6 8. Ng3 Nf4 9. O-O Bg4 10.
h3 Nxh3+ 11. gxh3 Bxf3 12. Qd2 h6 13. Kh2 O-O 14. b4 Bb6 15. a4 a5 16. b5 Ne7 17.
Bb3 Ng6 18. Nf5 Nh4 19. Nxh4 Qxh4 20. d4 exd4 21. cxd4 Bxe4 22. Rg1 Bg6 23. Rg4 Qf6 24. Rf4 Qe7 25. Bb2 Kh7 26. Rg1 Rae8 27. Rfg4 Qe2 28.
Qc3 Qxf2+ 29. R1g2 Qf6 30. Bc2 Re7 31. Qg3 d5 32.
Bxg6+ fxg6 33. Rxg6 Qf4 34. Qxf4 Rxf4 35. Ba3 Ref7 36.
Bc5 R4f6 37. Rxf6 Rxf6 38. Re2 Bxc5 39. dxc5 c6 40. b6 Rf7 41. Re8 Rd7 42. Kg2 d4 43. Kf2 d3 44. Ke1 Kg6 45. Ra8 Rd5 46. Rxa5 Kf5 47.
Kd2 Ke4 48. Ra7 Rxc5 49. Rxb7 Rc2+ 50. Kd1 Ra2 51. Ra7 Ke3 52. Re7+ Kd4 53. b7 Kc3 54. Ke1 Rb2 55. Rd7 c5 0-1

[Event "Late-Titled-Tuesday-Blitz-March-05-2024"]
[Site "Chess.com"]
[Date "2024.03.05"]
[Round "7"]
[White "aranibos"]
[Black "Zallio"]
[Result "1/2-1/2"]
[WhiteElo "2266"]
[BlackElo "2149"]
[TimeControl "180+1"]
[EndTime "15:15:53 PST"]
[Termination "Game drawn by repetition"]

1. e4 e6 2. d4 d5 3. Nc3 Bb4 4. Bd2 Nf6 5. e5 Nfd7 6. Qg4 g6 7. O-O-O h5 8. Qg3 Nc6 9. Nge2 Nf8 10. Kb1 Bd7 11.
h4 Be7 12. Bg5 Nh7 13. f4 Bxg5 14. fxg5 Qe7 15. Nc1 O-O-O 16. Be2 Qb4 17. a3 Qe7 18. Rhf1 Nf8 19. Rf2 Be8 20. Na4 b6 21. Ba6+ Kb8 22. Qb3 Na5 23. Qb4 Qxb4 24. axb4 Bxa4 25. bxa5 Be8 26.
axb6 axb6 27. Nb3 Nd7 28. Bb5 Kb7 29. Bxd7 Rxd7 30. Rdf1 Re7 31. Rf3 Rh7 32. Kc1 Bb5 33. R1f2 Be8 34. Kd2 Kc8 35. Kc3 Bc6 36. Nd2 Be8 37. Rf6 Kb7 38. Nb3 Bb5 39. Kd2 Be8 40.
Nc1 Kc8 41. R2f3 Kb7 42. Ra3 Bc6 43. Nd3 Rh8 44. Rf1 Ra8 45. Rxa8 Kxa8 46. Nb4 Bb5 47. Ra1+ Kb7 48. b3 Re8 49. Rc1 Rc8 50. c4 dxc4 51.
bxc4 Bd7 52. d5 c5 53. Nc2 Rd8 54. d6 Bc6 55. Ne3 Ra8 56. Rf1 Be8 57. Nc2 Kc6 58. Kc3 Ra4 59. Ra1 Rxa1 60. Nxa1 b5 61. cxb5+ Kxb5 62. Nb3 Kc6 63. Kc4 Bd7 64. Nxc5 Bc8 65. d7 Bxd7 66. Nxd7 Kxd7 67. Kb5 Kc7 68. Kc5 Kc8 69. Kd6 Kd8 70. g3 Ke8 71. Kc7 Ke7 72. Kc8 Ke8 73. Kc7 Ke7 74. Kc6 Ke8 75. Kd6 Kd8 76. Kc6 Kc8 77.
Kc5 Kc7 78. Kb5 Kb7 79. Kc5 Kc7 80. Kb5 Kb7 81. Kc5 Kc7 1/2-1/2

[Event "Late-Titled-Tuesday-Blitz-March-05-2024"]
[Site "Chess.com"]
[Date "2024.03.05"]
[Round "7"]
[White "ccccvhhhj"]
[Black "bazar-wokzal"]
[Result "1-0"]
[WhiteElo "2474"]
[BlackElo "2557"]
[TimeControl "180+1"]
[EndTime "15:15:56 PST"]
[Termination "ccccvhhhj won by resignation"]

1. e4 c5 2. Nf3 d6 3. d4 cxd4 4.
Nxd4 Nf6 5. Nc3 a6 6. Rg1 e5 7. Nb3 h5 8. h3 Be6 9. g4 hxg4 10. hxg4 d5 11. g5 Nxe4 12. Nxe4 dxe4 13. Qxd8+ Kxd8 14. Be3 Kc7 15. O-O-O Nc6 16. Bg2 Bf5 17. Nd2 Rh4 18.
a3 Nd4 19. Rh1 Ne2+ 20. Kb1 Rxh1 21. Rxh1 Nf4 22. Bxe4 Bxe4 23. Nxe4 Be7 24. Rh7 Rg8 25. b4 Kd7 26. Kb2 Ke6 27. Bc5 Ng6 28. Rh1 Kf5 29. f3 Bxg5 30. Nd6+ Kf4 31. Nxb7 Kxf3 32. Rf1+ Ke2 33.
Rxf7 Nf4 34. Nd6 Bf6 35. Ne4 Nh5 36. Nc3+ Kf3 37. Rd7 g5 38. Rd3+ Kf4 39. Be3+ Kf5 40. Rd1 g4 41. Rf1+ Ke6 42. Ne4 g3 43. Nxf6 Nxf6 44. a4 g2 45. Rd1 Nd5 46. Bc5 Nxb4 47. c4 a5 48. Bg1 e4 49. Kc3 Ke5 50. c5 Nd5+ 51. Kc4 e3 52. Rxd5+ Ke4 53. Rd7 Kf3 54.
Rf7+ Ke2 55. Re7 Rg4+ 56. Kb5 Rxa4 57. Kxa4 Kf1 58. Rxe3 Kxg1 59. Rg3 1-0

[Event "Late-Titled-Tuesday-Blitz-March-05-2024"]
[Site "Chess.com"]
[Date "2024.03.05"]
[Round "7"]
[White "wadsy27"]
[Black "GMAkobianSTL"]
[Result "0-1"]
[WhiteElo "2637"]
[BlackElo "2816"]
[TimeControl "180+1"]
[EndTime "15:16:00 PST"]
[Termination "GMAkobianSTL won by resignation"]

1. Nf3 d5 2. g3 c5 3. Bg2 f6 4. c4 d4 5. e3 e5 6. O-O Bd6 7. b4 Nc6 8. bxc5 Bxc5 9. exd4 Nxd4 10.
Ba3 Bxa3 11. Nxa3 Ne7 12. Nxd4 Qxd4 13. Nb5 Qc5 14. d4 exd4 15. Re1 Kf7 16. Qxd4 Qxd4 17. Nxd4 Rd8 18. Nb5 a6 19. Nc7 Rb8 20. Rab1 b6 21.
a4 Bf5 22. Rb2 a5 23. Na6 Rbc8 24. Rxb6 Rxc4 25. Rb5 Rxa4 26. Nc5 Rb4 27. Rxa5 Rdb8 28. Na6 Rb1 29. Ra1 Rxa1 30. Rxa1 Rc8 31. Nb4 g5 32. h3 h5 33. Ra7 Ke6 34. Na6 Kd6 35. Nb4 Rb8 36.
Ra6+ Ke5 37. Nc6+ Nxc6 38. Rxc6 Rb5 39. Bf1 Rb1 40. Rc5+ Ke6 41. Kg2 Bxh3+ 42. Kxh3 Rxf1 43. Kg2 Rb1 44. Ra5 Rd1 45. Rb5 Rd5 46. Rb4 Kf5 47.
Kf3 Re5 48. Kg2 Re4 49. Rb5+ Kg6 50. Ra5 g4 51. Rb5 Re5 52. Rb4 Kg5 53. Rb8 Rd5 54.
Rg8+ Kh6 55. Rh8+ Kg7 56. Ra8 Rd6 57. Ra7+ Kg6 58. Ra8 f5 59. Rg8+ Kf6 60. Rh8 Kg5 61. Rg8+ Rg6 62. Rf8 Rg7 63. f4+ Kg6 64. Ra8 Re7 65.
Ra6+ Kg7 66. Rb6 Re2+ 67. Kf1 Rc2 68. Kg1 h4 69. gxh4 Rc4 70. h5 Rxf4 71. h6+ Kh7 72.
Kg2 Rf3 73. Rf6 f4 74. Kh2 Rh3+ 75. Kg2 f3+ 76. Kf2 Rh2+ 77. Kg3 Rg2+ 78. Kh4 f2 79. Kg5 g3 80. Rf7+ Kg8 81. Kg6 Rh2 82. Rg7+ Kf8 83.
Rf7+ Ke8 84. Rf3 g2 85. Rxf2 g1=Q+ 0-1

[Event "Late-Titled-Tuesday-Blitz-March-05-2024"]
[Site "Chess.com"]
[Date "2024.03.05"]
[Round "7"]
[White "Msb2"]
[Black "Jospem"]
[Result "1/2-1/2"]
[WhiteElo "3003"]
[BlackElo "3101"]
[TimeControl "180+1"]
[EndTime "15:16:01 PST"]
[Termination "Game drawn by repetition"]

1. d4 Nf6 2. c4 e6 3. Nc3 Bb4 4.
e3 O-O 5. Bd2 b6 6. Nf3 Bb7 7.
Bd3 Bxc3 8. Bxc3 Ne4 9. Bxe4 Bxe4 10. d5 f6 11. Nh4 Qe8 12. f3 Bg6 13. e4 Bf7 14. Qd2 c6 15. O-O Na6 16. Rad1 Rc8 17. Rfe1 cxd5 18. cxd5 Qe7 19. d6 Qd8 20. f4 Nc5 21.
Qf2 a5 22. h3 Rc6 23. Kh2 Qb8 24. Qg3 Bh5 25. Rd2 b5 26. b3 Nb7 27. Rf2 Nxd6 28. e5 Ne8 29. f5 Rc5 30. Re3 b4 31.
Bb2 Rd5 32. fxe6 dxe6 33. exf6 Qxg3+ 34. Rxg3 g5 35. Nf3 Bxf3 36. Rgxf3 Kf7 37. Rc2 h5 38. Rc6 Rd6 39. Rc5 Rd5 40. Rc6 g4 41. hxg4 hxg4 42.
Rf4 Rg8 43. Ra6 g3+ 44. Kg1 Rd1+ 45. Rf1 Rxf1+ 46. Kxf1 Nxf6 47. Bxf6 Kxf6 48. Rxa5 Rc8 49. Rb5 Rc2 50. Rxb4 Rf2+ 51. Kg1 Rxa2 52. Kf1 Kf5 53. Rb8 Rf2+ 54. Kg1 Rb2 55. Kf1 e5 56. Rf8+ Kg4 57. Rg8+ Kf4 58. Rf8+ Ke4 59. Rf3 Kd4 60. Rxg3 e4 61. Ke1 Rb1+ 62. Ke2 Rb2+ 63. Ke1 Rb1+ 64. Ke2 Rb2+ 65. Ke1 1/2-1/2

[Event "Late-Titled-Tuesday-Blitz-March-05-2024"]
[Site "Chess.com"]
[Date "2024.03.05"]
[Round "7"]
[White "MaiqMaster"]
[Black "vladoboch"]
[Result "0-1"]
[WhiteElo "2316"]
[BlackElo "2440"]
[TimeControl "180+1"]
[EndTime "15:16:01 PST"]
[Termination "vladoboch won by resignation"]

1. d4 Nf6 2. Nc3 g6 3. e4 d6 4. h4 h5 5. Bg5 Bg7 6. Qd2 a6 7.
O-O-O b5 8. e5 dxe5 9. dxe5 Qxd2+ 10. Bxd2 Ng4 11. Nh3 O-O 12. f4 Bb7 13. Rg1 Nd7 14. Be2 Nc5 15. Bf3 Bxf3 16. gxf3 Nh6 17. Ne4 Ne6 18.
Nhg5 Nd4 19. Rg2 Nhf5 20. c3 Nxh4 21. Rf2 Ne6 22. Nxe6 fxe6 23. Ng5 Rfd8 24. Nxe6 Rd3 25. Nxc7 Ra7 26. Ne6 Nxf3 27. Nc5 Rxd2 28. Rfxd2 Nxd2 29. Rxd2 Bh6 30. Rf2 Kf7 31. Kd2 Rc7 32. b4 a5 33.
Ke3 axb4 34. cxb4 Ra7 35. Ke4 Ra3 36. Nb3 Ra4 37. f5 Rxb4+ 38. Kd5 g5 39. f6 e6+ 40. Kc5 Rf4 41. Rxf4 gxf4 42. Nd4 h4 43. Nf3 h3 44. Kxb5 Bg5 45. Kc4 Bh4 46. a4 Bg3 47. a5 h2 48.
Nxh2 Bxh2 49. a6 Bg1 50. Kd3 f3 51. Kd2 Ba7 52. Ke1 f2+ 53. Kf1 Ke8 54. Ke2 Kd7 55. Kf1 Kc7 56. Ke2 Bc5 57. f7 Kb6 58. f8=Q Bxf8 59.
Kxf2 Kxa6 60. Ke3 Bg7 61. Kf4 Kb6 62. Kg5 Kc6 63. Kf4 Kd5 64. Ke3 Bxe5 65. Kf3 Bg7 66. Ke3 e5 67. Ke2 e4 0-1

[Event "Late-Titled-Tuesday-Blitz-March-05-2024"]
[Site "Chess.com"]
[Date "2024.03.05"]
[Round "7"]
[White "Abund"]
[Black "reevecanada"]
[Result "1-0"]
[WhiteElo "2800"]
[BlackElo "2617"]
[TimeControl "180+1"]
[EndTime "15:16:03 PST"]
[Termination "Abund won on time"]

1. Nf3 d5 2. d4 Nf6 3. c3 g6 4. Bf4 Bg7 5. e3 O-O 6. h3 c5 7.
Nbd2 Nbd7 8. Be2 a6 9. a4 b6 10.
O-O Bb7 11. Qb3 Bc6 12. Rfc1 c4 13. Qa3 Re8 14. Rab1 b5 15. b3 Bf8 16. Qa2 cxb3 17. Rxb3 bxa4 18. Rb2 e6 19. c4 a3 20. Rb3 Ba4 21. Rbb1 dxc4 22. Nxc4 Bb5 23. Bf1 Nd5 24. Bg5 Bxc4 25. Bxc4 Qa5 26. Bxd5 Qxd5 27. Qa1 Rec8 28.
Bf4 a2 29. Rb2 Rxc1+ 30. Qxc1 Ba3 31. Nd2 Bxb2 32. Qxb2 Rc8 33. Kh2 Qa5 34. Nb3 Qa4 35.
h4 e5 36. dxe5 Rb8 37. e6 Rxb3 38. exd7 Qxd7 39. Qxb3 a1=Q 40. Qb8+ Kg7 41. Be5+ Qxe5+ 42. Qxe5+ f6 43. Qa5 Qb7 44. g3 Qf3 45. Kg1 Qd1+ 46. Kg2 Qd3 47. Qc7+ Kh6 48. Qf4+ Kg7 49. Qc7+ Kg8 50.
Qc6 Kf7 51. Qb7+ Kg8 52. Qe7 Qd5+ 53. e4 Qc6 54. Kh2 a5 55. Qd8+ Kg7 56. Qe7+ Kh6 57.
Qf8+ Kh5 58. f3 f5 59. exf5 Qxf3 60. Qe7 1-0

[Event "Late-Titled-Tuesday-Blitz-March-05-2024"]
[Site "Chess.com"]
[Date "2024.03.05"]
[Round "7"]
[White "ansko1999"]
[Black "Schattman"]
[Result "1/2-1/2"]
[WhiteElo "2661"]
[BlackElo "2433"]
[TimeControl "180+1"]
[EndTime "15:16:03 PST"]
[Termination "Game drawn - insufficient material"]

1. Nf3 Nf6 2. b3 g6 3. Bb2 Bg7 4. g3 O-O 5. Bg2 d5 6. O-O c5 7. d3 Nc6 8. Ne5 Nxe5 9. Bxe5 e6 10. c4 b6 11. cxd5 Nxd5 12. Bxg7 Kxg7 13. Qd2 Bb7 14. Nc3 Rb8 15. Ne4 e5 16. Qb2 Re8 17. a3 a5 18. Nc3 Nxc3 19. Qxc3 Bxg2 20. Kxg2 Qd4 21. Rfc1 Red8 22. Rab1 f6 23. h4 h5 24. Qxd4 Rxd4 25. Rc4 Ra8 26. Rxd4 exd4 27. Kf3 Kf7 28. Rc1 Ke6 29. g4 hxg4+ 30. Kxg4 Kd5 31. Kf3 a4 32. bxa4 Rxa4 33. Rb1 Kc6 34. Rg1 g5 35. hxg5 fxg5 36. Rxg5 Rxa3 37. Ke4 Ra2 38. Rg6+ Kb5 39. Kf3 Ra8 40.
e4 dxe3 41. Kxe3 Re8+ 42. Kd2 Rf8 43. Ke2 Re8+ 44. Kd2 Rf8 45. Ke1 Ka5 46. Ke2 b5 47. Rc6 Kb4 48. Ke3 Re8+ 49. Kd2 Rf8 50. Ke3 Re8+ 51.
Kd2 Rd8 52. Ke3 c4 53. dxc4 bxc4 54. f4 Kc3 55. f5 Re8+ 56. Kf4 Kd3 57. Rd6+ Kc2 58. f6 c3 59. Kf5 Rf8 60. Ke6 Kb1 61.
Rb6+ Kc1 62. f7 c2 63. Rc6 Kb1 64. Rb6+ Kc1 65. Ke7 Rxf7+ 66. Kxf7 Kd1 67. Rd6+ Ke2 68.
Rc6 Kd2 69. Rd6+ Ke2 70. Rc6 Kd2 71. Ke6 c1=Q 72. Rxc1 Kxc1 1/2-1/2

[Event "Late-Titled-Tuesday-Blitz-March-05-2024"]
[Site "Chess.com"]
[Date "2024.03.05"]
[Round "7"]
[White "ameetghasi100"]
[Black "Fandorine"]
[Result "1-0"]
[WhiteElo "2794"]
[BlackElo "2906"]
[TimeControl "180+1"]
[EndTime "15:16:05 PST"]
[Termination "ameetghasi100 won on time"]

1. g3 d5 2. Bg2 Nf6 3. d3 e5 4. e3 h5 5. h3 c6 6. b3 Bd6 7. Bb2 a5 8. a3 Nbd7 9. Nd2 Nf8 10. c4 Ng6 11. Qc2 Qe7 12. Ne2 O-O 13.
Nf3 Bf5 14. Ng5 e4 15. d4 b6 16. h4 Rac8 17. O-O Ng4 18. Qd2 Qd7 19. c5 Bc7 20. cxb6 Bxb6 21. Bc3 f6 22. Nh3 Nxe3 23.
fxe3 Bxh3 24. Bxa5 Bxa5 25. Qxa5 Bxg2 26. Kxg2 Qg4 27.
Kf2 Qf3+ 28. Ke1 Qxe3 29. Qc3 Qh6 30. b4 e3 31. Rc1 Rfe8 32. Rf3 f5 33. Qb3 f4 34. b5 fxg3 35. bxc6 Nxh4 36. Qxd5+ Qe6 37. Qxe6+ Rxe6 38. Rxg3 Rexc6 39. Rxc6 Rxc6 40. d5 Ra6 41. Nf4 Rxa3 42. Nxh5 Nf5 43. Rg4 Nd4 44. Rxd4 Kf7 45. Nf4 Ke7 46. Nd3 Kd6 47. Ke2 Ra5 48. Nb4 Kc5 49.
Re4 Rb5 50. Kxe3 g5 51. Rg4 Rb6 52. Kd3 Rf6 53. Rc4+ Kb5 54. Rd4 Kc5 55. Rc4+ Kb5 56. Kc3 Rf3+ 57. Nd3 Rf5 58. Rd4 Rf7 59. d6 Rf8 60.
Ne5 Rc8+ 61. Kd3 Rh8 62. d7 1-0

[Event "Late-Titled-Tuesday-Blitz-March-05-2024"]
[Site "Chess.com"]
[Date "2024.03.05"]
[Round "7"]
[White "NCchamp"]
[Black "Eeleyah"]
[Result "1/2-1/2"]
[WhiteElo "2339"]
[BlackElo "2459"]
[TimeControl "180+1"]
[EndTime "15:16:07 PST"]
[Termination "Game drawn by repetition"]

1. d4 d5 2. c4 e6 3. Nc3 Nf6 4. cxd5 exd5 5. Bg5 Nbd7 6. e3 Bb4 7. Qb3 c5 8. a3 Bxc3+ 9. Qxc3 c4 10. Be2 h6 11.
Bxf6 Nxf6 12. Bf3 Be6 13. Ne2 O-O 14. O-O b5 15. a4 a6 16. axb5 axb5 17. Qb4 Bd7 18. Nc3 Bc6 19. Qc5 Qd7 20. Rfb1 Rfb8 21. Qb4 g5 22. h3 h5 23. Bd1 Kg7 24. Kh2 Qc7+ 25. Kg1 g4 26. h4 g3 27. Bf3 gxf2+ 28. Kxf2 Rxa1 29. Rxa1 Re8 30. Ne2 Qd7 31. Nf4 Qf5 32. Qd6 Re6 33. Qc7 Qc2+ 34. Ne2 Qd3 35. Qf4 Ne4+ 36. Bxe4 dxe4 37. Qg5+ Rg6 38. Qe5+ Kh7 39. Qxh5+ Kg7 40. Qe5+ Kh7 41. Qh5+ Kg7 42. Ra8 Bxa8 43. Qe5+ Kh7 44. Qh5+ Kg8 45. Qe5 Bc6 46.
h5 Re6 47. Qg5+ Kf8 48. h6 Rg6 49. Qf4 c3 50. h7 Kg7 51. Qe5+ f6 52. Qe7+ Kh8 53. Qf7 Rg7 54. Qxf6 c2 55. Qxc6 Qd2 56. Qe8+ Kxh7 57. Qh5+ Kg8 58. Qe8+ Kh7 59. Qh5+ Kg8 60. Qe8+ Kh7 1/2-1/2

[Event "Late-Titled-Tuesday-Blitz-March-05-2024"]
[Site "Chess.com"]
[Date "2024.03.05"]
[Round "7"]
[White "Zavgorodniy_Sergiy"]
[Black "Kosak12"]
[Result "0-1"]
[WhiteElo "2622"]
[BlackElo "2805"]
[TimeControl "180+1"]
[EndTime "15:16:11 PST"]
[Termination "Kosak12 won by checkmate"]

1. d4 Nf6 2. c4 e6 3. Nf3 b6 4.
g3 Bb7 5. Bg2 d5 6. cxd5 exd5 7.
O-O Bd6 8. Nc3 a6 9. b3 O-O 10. Bb2 Re8 11. Rc1 Nbd7 12. e3 Qe7 13. Ne2 Rac8 14.
Nf4 c5 15. Qe2 Ne4 16. Rfd1 Ndf6 17. Rc2 Bxf4 18. gxf4 Ng4 19. Rf1 c4 20. bxc4 Rxc4 21. Rxc4 dxc4 22. Qxc4 Nexf2 23. Rxf2 Qxe3 24. Qf1 Rc8 25. Ne1 Bxg2 26. Kxg2 Qe4+ 27. Kg3 Nxf2 28. Qxf2 Rc6 29.
h3 h5 30. d5 Qxd5 31. Nf3 Qd3 32. h4 Rc2 33. Qxb6 Kh7 34. Bd4 f6 35. Bxf6 gxf6 36.
Qxf6 Rc7 37. a4 Rg7+ 38. Kf2 Qc2+ 39. Ke1 Qc1+ 40. Kf2 Qc5+ 41. Kf1 Qc1+ 42. Kf2 Qc5+ 43. Ke2 Qe7+ 44. Qxe7 Rxe7+ 45. Ne5 Kg7 46. Kd3 Kf6 47. Ke4 Rb7 48. Nd3 Rb1 49. Nc5 Rb4+ 50. Ke3 Kf5 51. Nxa6 Re4+ 52. Kd3 Rxf4 53. Nc5 Rxh4 54. a5 Rh1 55. a6 Ra1 56. Kc4 h4 57. Kb5 h3 58.
Nb3 Rxa6 59. Nd4+ Kg4 60. Kxa6 h2 61. Nc2 h1=Q 62. Nb4 Kg5 63. Kb5 Kf6 64. Nc6 Ke6 65. Kc5 Qc1+ 66. Kb6 Kd6 67. Nb4 Qc5+ 68. Ka6 Qxb4 69.
Ka7 Kc7 70. Ka8 Qa5# 0-1

[Event "Late-Titled-Tuesday-Blitz-March-05-2024"]
[Site "Chess.com"]
[Date "2024.03.05"]
[Round "7"]
[White "Agibileg"]
[Black "BogdanDeac"]
[Result "0-1"]
[WhiteElo "2651"]
[BlackElo "2961"]
[TimeControl "180+1"]
[EndTime "15:16:13 PST"]
[Termination "BogdanDeac won by resignation"]

1. d4 Nf6 2. c4 e6 3. Nc3 Bb4 4. e3 O-O 5. Bd3 d5 6. a3 dxc4 7. Bxc4 Be7 8. e4 c5 9. d5 exd5 10. exd5 Bd6 11. Nge2 a6 12. a4 Nbd7 13. O-O Ne5 14.
Ba2 Rb8 15. Ng3 b5 16. axb5 axb5 17. Bg5 Neg4 18. Nce4 h6 19. Bxf6 Nxf6 20. Nxf6+ Qxf6 21. Ne4 Bxh2+ 22. Kxh2 Qh4+ 23. Kg1 Qxe4 24. Bb1 Qb4 25. d6 Be6 26. Qc2 g6 27. Ra7 Rbd8 28. Rd1 Rxd6 29. Rxd6 Qe1+ 30. Kh2 Qe5+ 31. g3 Qxd6 32. Qe2 b4 33.
Qe3 Qd4 34. Qe2 Bg4 35. f3 Bxf3 36. Qxf3 Qxb2+ 37. Kh3 Qxb1 38. g4 Qb2 39. Re7 c4 40. Qf4 Kg7 41. Qxc4 Qc3+ 42. Qxc3+ bxc3 43. Rc7 Rd8 44. Rxc3 Rd5 45. Rc7 h5 46. gxh5 Rxh5+ 47. Kg4 Re5 48.
Ra7 Kf6 49. Kf4 Re6 50. Kg4 Re4+ 51. Kf3 Rb4 52. Ra6+ Kg5 53. Ra3 f5 54. Kg3 Rb5 55.
Kh3 Kh5 56. Ra8 Rb3+ 57. Kg2 g5 58. Kh2 Kg4 59. Kg2 f4 60. Ra1 Rb2+ 61. Kh1 Kg3 62.
Rg1+ Kh4 63. Ra1 f3 64. Kg1 g4 65. Kh1 Kh3 66. Kg1 g3 67. Kf1 0-1

[Event "Late-Titled-Tuesday-Blitz-March-05-2024"]
[Site "Chess.com"]
[Date "2024.03.05"]
[Round "7"]
[White "terrortoast"]
[Black "trriinu"]
[Result "0-1"]
[WhiteElo "2507"]
[BlackElo "2281"]
[TimeControl "180+1"]
[EndTime "15:16:14 PST"]
[Termination "trriinu won by resignation"]

1. d4 g6 2. e4 Bg7 3. Nc3 c6 4.
h3 d6 5. Nf3 Nd7 6. a4 e5 7.
Be3 Qc7 8. Be2 Ne7 9. O-O O-O 10.
dxe5 dxe5 11. Bc4 Kh8 12. Ng5 Kg8 13. Qf3 Nf6 14. Qg3 h6 15. Nf3 Nh5 16. Qh2 Nf4 17.
Rad1 b6 18. Rfe1 Kh7 19. Bxf4 exf4 20. e5 Bf5 21. Qxf4 Bxc2 22. Rd2 Bf5 23. Red1 g5 24. Qe3 Ng6 25. Rd6 Rae8 26. Bd3 Bxe5 27. Bxf5 Bxd6 28.
Qd3 Bc5 29. Ne4 Rd8 30. Qc2 Rxd1+ 31. Qxd1 Qf4 32. Qc2 Rd8 33. Nxc5 bxc5 34. Be4 c4 35. g3 Qd6 36. Qxc4 Qd1+ 37. Kg2 Qd6 38. Qxf7+ Kh8 39. Bxg6 Rd7 40. Qe8+ Kg7 41. Ne5 Re7 42. Qc8 Qxe5 43. Bf5 Qd5+ 44. Kh2 Qd6 45. Kg2 Qd5+ 46. Kh2 Qe5 47.
Kg2 Qd6 48. Bg4 Rf7 49. Qe8 Qd5+ 50. Kh2 Qd6 51. Qe2 Qf6 52. Kg2 Re7 53. Qd1 Qe5 54. Qc2 Qe4+ 55. Qxe4 Rxe4 56. Bf3 Rxa4 57. Bxc6 Rb4 58. Kf3 Rxb2 59. Ke3 Kf6 60. f4 gxf4+ 61. gxf4 Rb3+ 62. Ke4 Rxh3 63. Bb5 Rb3 64. Bd3 Rxd3 65. Kxd3 Kf5 66. Ke3 a5 67. Kd4 Kxf4 68. Kc4 h5 69. Kb5 h4 70. Kxa5 h3 0-1

[Event "Late-Titled-Tuesday-Blitz-March-05-2024"]
[Site "Chess.com"]
[Date "2024.03.05"]
[Round "7"]
[White "Goryachkina"]
[Black "jlf287"]
[Result "0-1"]
[WhiteElo "2702"]
[BlackElo "2550"]
[TimeControl "180+1"]
[EndTime "15:16:25 PST"]
[Termination "jlf287 won on time"]

1. e4 e5 2. Nf3 Nc6 3. Nc3 Nf6 4. h3 Bb4 5. a3 Bxc3 6. dxc3 d6 7. Bd3 h6 8. O-O g5 9. Nh2 Be6 10. Be3 Ne7 11. c4 Nd7 12. b4 b6 13. Qd2 Ng6 14.
Qc3 Qe7 15. Rad1 O-O 16. Rfe1 Kh7 17. Nf1 Nf4 18. Ng3 Qf6 19. Nf5 Rg8 20. c5 dxc5 21. Bb5 Nf8 22. bxc5 N8g6 23. cxb6 cxb6 24. Rd6 Rgc8 25.
Qd2 Rc7 26. Kh2 Rac8 27. Rc1 h5 28. g3 Ne7 29. a4 Rg8 30. a5 Kh8 31. axb6 axb6 32.
Bxb6 Rb7 33. c4 Nxf5 34. exf5 Qxf5 35. g4 hxg4 36. c5 Qh7 37. Bf1 Nxh3 38. Bxh3 Qxh3+ 39.
Kg1 Rg6 40. Qe3 Qh4 41. Qg3 Qh5 42. Qg2 Rh6 43. Qxb7 Qh2+ 44. Kf1 Qh1+ 45. Qxh1 Rxh1+ 46. Ke2 Rxc1 47. Rd8+ Kg7 48. Ra8 Kf6 49. Bd8+ Kf5 50.
Be7 Rc4 51. Rg8 Rc2+ 52. Ke3 Rc3+ 53. Kd2 Rf3 54. Rxg5+ Ke4 55. Ke1 f5 56. Rg7 Rc3 57.
Rh7 Rc1+ 58. Kd2 Rc4 59. Rh6 Bd5 60. Ra6 f4 61. Bd6 g3 62. fxg3 fxg3 63. Ra3 Rd4+ 64. Ke2 Kf5 65. Rxg3 Bc4+ 0-1

[Event "Late-Titled-Tuesday-Blitz-March-05-2024"]
[Site "Chess.com"]
[Date "2024.03.05"]
[Round "7"]
[White "Mikhal867"]
[Black "lefonghua"]
[Result "1-0"]
[WhiteElo "2508"]
[BlackElo "2597"]
[TimeControl "180+1"]
[EndTime "15:16:27 PST"]
[Termination "Mikhal867 won by resignation"]

1. d4 Nf6 2. c4 c5 3. Nf3 g6 4. Nc3 Bg7 5. d5 d6 6. e4 O-O 7. h3 e6 8. Bd3 exd5 9. cxd5 a6 10. a4 Nbd7 11. O-O Nh5 12. Bg5 Bf6 13. Qd2 Bxg5 14.
Qxg5 Qxg5 15. Nxg5 Nf4 16. Bc2 h6 17. Nf3 Re8 18. Rfe1 Rb8 19. Kh2 g5 20. g3 Ng6 21.
a5 b5 22. axb6 Rxb6 23. Ra2 Rb4 24. Ba4 Re7 25. Bxd7 Rxd7 26. e5 Nxe5 27. Nxe5 dxe5 28. Rxe5 Kf8 29. Ne4 Bb7 30. Nxc5 Rxd5 31. Rxd5 Bxd5 32. b3 Rb5 33. Rc2 a5 34. Rc3 Kg7 35. g4 Rb4 36. Kg3 Rd4 37. h4 Rd1 38. f3 Rg1+ 39. Kf2 Rb1 40. hxg5 hxg5 41. Rd3 Rb2+ 42. Kg3 Bc6 43.
Rd6 Bb5 44. Rd5 Kg6 45. Ne4 Rxb3 46. Rxg5+ Kh6 47. Rh5+ Kg7 48. Rg5+ Kf8 49. Nd6 Bc6 50. Rf5 Ke7 51. Nxf7 a4 52. Ne5 Bd5 53. Ng6+ Kd6 54. Nf4 Bxf3 55. Kh4 Bc6 56. Ne2 Rd3 57. Nc1 Rd2 58. Ra5 Kc7 59. g5 Kb6 60. Re5 a3 61. g6 Rh2+ 62. Kg5 Rg2+ 63. Kf6 Rg1 64. Nb3 Bb5 65.
g7 Bc4 66. Nd2 Ba2 67. Re3 Rg2 68. Rxa3 Bd5 69. Rd3 Kc5 70. Nf3 Bc4 71. Rc3 Kb4 72.
Rxc4+ Kxc4 73. Ng5 Rf2+ 74. Kg6 1-0

[Event "Late-Titled-Tuesday-Blitz-March-05-2024"]
[Site "Chess.com"]
[Date "2024.03.05"]
[Round "7"]
[White "Yurovskykh_Oleksandr"]
[Black "Sjakkerntobi"]
[Result "1-0"]
[WhiteElo "2650"]
[BlackElo "2485"]
[TimeControl "180+1"]
[EndTime "15:16:27 PST"]
[Termination "Yurovskykh_Oleksandr won by resignation"]

1. d4 Nf6 2. Nf3 e6 3. Bf4 d5 4. e3 c5 5. c3 Nc6 6. Nbd2 Bd6 7.
Bg3 O-O 8. Bb5 Ne7 9. Bd3 b6 10. e4 dxe4 11. Nxe4 Nxe4 12. Bxe4 Nd5 13. O-O cxd4 14.
Qxd4 Bxg3 15. hxg3 Bb7 16. Rfd1 f5 17. Bxd5 Qxd5 18.
Qxd5 Bxd5 19. Ne5 Rfd8 20. a4 g5 21. Rd4 Bb3 22. Nf3 h6 23. Rxd8+ Rxd8 24. Nd4 Bd5 25. a5 Kg7 26. axb6 axb6 27. Ra6 Rb8 28. Ra7+ Kf6 29.
Rh7 Kg6 30. Rd7 Kf6 31. f3 b5 32. Rc7 Ke5 33. Rc5 b4 34. Nc6+ Kd6 35. Nxb8 Kxc5 36. cxb4+ Kxb4 37. Nd7 Kb3 38. g4 f4 39. Ne5 Kxb2 40. Nf7 Kc3 41. Nxh6 e5 42. Nf5 e4 43.
fxe4 Bxe4 44. Kf2 Bc2 45. Nd6 Bd1 46. Ne4+ Kd4 47. Nxg5 Bxg4 48. Nf7 Be6 49. Nd6 Bd5 50. Nf5+ Ke5 51. Nh4 Kf6 52. Nf3 Kf5 53. Ne1 Kg4 54. Nd3 Ba8 55. Ne5+ Kf5 56. Nd7 Bd5 57. Nc5 Ke5 58.
Nd3+ Kf5 59. Nc1 Kg4 60. Nd3 Kf5 61. Ne1 Be4 62. Nf3 Kg4 63. Nh2+ Kh4 64. Nf1 Kg4 65. Kg1 Bd3 66. Nh2+ Kf5 67. Kf2 Be4 68. Nf1 Kg4 69.
Nd2 Bd5 70. Nb1 Kf5 71. Nc3 Bc6 72. Kf1 Ke5 73. Kf2 Kf5 74. Ne2 Kg4 75. Nd4 Bd7 76.
Nf3 Kf5 77. Ke2 Bb5+ 78. Kf2 Ba6 79. Nd4+ Ke4 80. Nb3 Bc4 81. Nd2+ Kd3 82. Nxc4 Kxc4 83. Kf3 Kd5 84. Kxf4 Ke6 85. Kg5 Ke5 86. g4 Ke6 87.
Kh6 Kf7 88. g5 Kf8 89. Kh7 1-0